 Dungeon Crawl Stone Soup version 0.19.0-2-gae57169 (webtiles) character file.

1267 dvd the Tainter (level 8, -6/50 HPs)
             Began as an Octopode Venom Mage on Nov 6, 2016.
             Shot with an arrow by a centaur (11 damage)
             ... on level 5 of the Dungeon.
             The game lasted 00:21:01 (6199 turns).

dvd the Tainter (Octopode Venom Mage)               Turns: 6199, Time: 00:21:02

Health: -6/50      AC:  4    Str:  7    XL:     8   Next: 52%
Magic:  20/24      EV: 14    Int: 22    God:
Gold:   361        SH:  0    Dex: 13    Spells: 3 memorised, 8 levels left

rFire  . . .     SeeInvis .     a - staff of poison
rCold  + . .     Gourm    .     (no shield)
rNeg   . . .     Faith    .     t - +1 hat {Int+3}
rPois  +         Spirit   .     (no amulet)
rElec  .         Reflect  .     m - ring of protection from cold
rCorr  .         Harm     .     q - ring of magical power
MR     .....                    (no ring)
Stlth  ++++......               (no ring)
                                (no ring)
                                (no ring)
                                (no ring)
                                (no ring)

@: lethally poisoned (-6 -> -7), radiating poison
A: almost no armour, stealthy swim, amphibious, 8 rings, constrict 8, tentacle
spike 1, icy blue scales 1, camouflage 1, mutation resistance 1, gelatinous body
1
a: no special abilities


You were on level 5 of the Dungeon.
You were hungry.

You visited 1 branch of the dungeon, and saw 5 of its levels.

You collected 361 gold pieces.

Inventory:

Hand Weapons
 l - a +2 dagger of protection
 r - a +0 dagger of holy wrath
 v - a +1 falchion of electrocution
Missiles
 u - 2 arrows
Armour
 t - a +1 hat of intelligence (worn)
Magical Staves
 a - an uncursed staff of poison (weapon)
Jewellery
 m - a ring of protection from cold (left tentacle)
 q - a ring of magical power (right tentacle)
 s - a +3 ring of intelligence {unknown}
Scrolls
 d - 3 scrolls of remove curse
 e - a scroll of teleportation
 i - 4 scrolls of identify
 p - a scroll of magic mapping
 x - a scroll of amnesia
Potions
 f - a potion of heal wounds
 g - 2 potions of curing
 j - a potion of brilliance
 k - 3 potions of haste
Books
 n - a Young Poisoner's Handbook

   Spells                             Type                      Level
   a - Sting                          Conjuration/Poison           1
   b - Mephitic Cloud                 Conjuration/Poison/Air       3
   c - Olgreb's Toxic Radiance        Poison                       4
   d - Alistair's Intoxication        Transmutation/Poison         5
   e - Venom Bolt                     Conjuration/Poison           5
Comestibles
 b - 3 bread rations
 c - 6 meat rations
 h - 2 beef jerkies
 o - 7 fruits


   Skills:
 + Level 2.2 Fighting
 + Level 1.3(1.4) Short Blades
 + Level 0.8(1.2) Long Blades
 + Level 2.5 Staves
 + Level 2.8 Dodging
 + Level 4.7 Stealth
 + Level 4.8 Spellcasting
 + Level 2.6 Conjurations
 + Level 1.9 Air Magic
 + Level 8.3 Poison Magic


You had 8 spell levels left.
You knew the following spells:

 Your Spells              Type           Power        Failure   Level  Hunger
a - Sting                 Conj/Pois      ####         1%          1    None
b - Mephitic Cloud        Conj/Pois/Air  #####...     8%          3    ##.....
c - Olgreb's Toxic Radia  Pois           ######..     3%          4    ####...


Dungeon Overview and Level Annotations

Branches:
Dungeon (5/15)
 Temple: D:4-7

Altars:
Fedhas
Kikubaaqudgha
Makhleb
Qazlal
Trog


Innate Abilities, Weirdness & Mutations

You cannot wear most types of armour.
You are very stealthy in the water. (Stealth+)
You are amphibious.
You can wear up to eight rings at the same time.
You can use your tentacles to constrict eight enemies at once.
Your skin changes colour to match your surroundings (Stealth+).
Your rubbery body absorbs attacks. (AC +1, EV +1)
One of your tentacles bears a spike.
You are partially covered in icy blue scales. (AC +2)
You are somewhat resistant to further mutation.


Message History

You feel sick.
Found 10 gold pieces.
You feel sick.
You feel sick.
A centaur comes into view.
You see here 10 gold pieces.
You now have 361 gold pieces (gained 10).
The centaur wields a shortbow.
The centaur shoots an arrow.
The arrow hits you.
The centaur shoots an arrow.
The arrow barely misses you.
You see here 2 arrows.
You feel sick.
The centaur shoots an arrow.
The arrow hits you!
You see here an arrow.
Casting: Olgreb's Toxic Radiance
Confirm with . or Enter, or press ? or * to list all spells.
You feel a surge of power!
You begin to radiate toxic energy.
The centaur is poisoned.
The centaur shoots an arrow.
The arrow hits you!
* * * LOW HITPOINT WARNING * * *
u - 2 arrows The centaur shoots an arrow.
The arrow hits you!
You die...

...
#....###....#
...
########....#
#.....#
+.....#
#.....#
#.....#
##.##.#
#########.####
.......@(..#
...........#
...........#
...........#
...........#
####......##
c.###### ...


You could see a centaur.

Vanquished Creatures
  Grinder (D:4)
  A sky beast (D:5)
  A centaur (D:4)
  A water moccasin skeleton (D:3)
  2 centaur zombies (D:5)
  5 hounds
  5 orc priests
  2 worker ants
  4 orc wizards
  2 iguanas (D:4)
  6 adders
  6 gnolls
  A shadow imp (D:5)
  3 oozes
  A worm (D:3)
  3 dart slugs
  2 leopard geckos (D:1)
  22 orcs
  3 giant cockroaches
  10 goblins
  11 hobgoblins
  16 jackals
  2 quokkas
  A ball python (D:2)
  15 bats
  6 frilled lizards
  11 kobolds
  A quokka zombie (D:5)
  14 rats
158 creatures vanquished.

Notes
Turn   | Place    | Note
-------+----------+-------------------------------------------
     0 | D:1      | dvd the Octopode Venom Mage began the quest for the Orb.
     0 | D:1      | Reached XP level 1. HP: 11/11 MP: 3/3
     7 | D:1      | Reached skill level 5 in Poison Magic
   196 | D:1      | Reached XP level 2. HP: 17/17 MP: 3/5
   423 | D:1      | Reached XP level 3. HP: 14/21 MP: 4/6
  1044 | D:2      | Found an ancient bone altar of Kikubaaqudgha.
  1106 | D:2      | Reached skill level 1 in Conjurations
  1407 | D:2      | Learned a level 3 spell: Mephitic Cloud
  1666 | D:2      | Reached XP level 4. HP: 27/27 MP: 3/7
  2002 | D:2      | Reached skill level 6 in Poison Magic
  2002 | D:2      | Reached XP level 5. HP: 6/32 MP: 0/8
  2054 | D:2      | Learned a level 4 spell: Olgreb's Toxic Radiance
  2274 | D:2      | Found a burning altar of Makhleb.
  2340 | D:2      | Reached skill level 1 in Short Blades
  3183 | D:3      | Reached XP level 6. HP: 34/37 MP: 2/10
  3221 | D:3      | Reached skill level 1 in Fighting
  3312 | D:3      | Reached skill level 1 in Air Magic
  3695 | D:3      | Found a stormy altar of Qazlal.
  4345 | D:4      | Reached XP level 7. HP: 43/43 MP: 6/12
  4397 | D:4      | Reached skill level 7 in Poison Magic
  4850 | D:4      | Reached skill level 1 in Staves
  5281 | D:4      | Noticed Grinder
  5285 | D:4      | Paralysed by Grinder for 4 turns
  5292 | D:4      | Paralysed by Grinder for 3 turns
  5308 | D:4      | Killed Grinder
  5308 | D:4      | Reached skill level 8 in Poison Magic
  5308 | D:4      | Reached XP level 8. HP: 28/49 MP: 9/15
  5348 | D:4      | Gained mutation: You are somewhat resistant to further mutation. [potion of mutation]
  5348 | D:4      | Gained mutation: You are partially covered in icy blue scales. (AC +2) [potion of mutation]
  5349 | D:4      | Gained mutation: One of your tentacles bears a spike. [potion of mutation]
  5557 | D:4      | Found a bloodstained altar of Trog.
  5707 | D:5      | Entered Level 5 of the Dungeon
  5919 | D:5      | Found a blossoming altar of Fedhas.
  6199 | D:5      | Shot with an arrow by a centaur

Skill      XL: |  1  2  3  4  5  6  7  8 |
---------------+-------------------------+-----
Poison Magic   | 5 6 8 |  8.3
Conjurations   | 1 2 |  2.6
Stealth        | 3 4 |  4.7
Short Blades   | 1 |  1.3
Spellcasting   | 3 4 |  4.8
Fighting       | 1 2 |  2.2
Air Magic      | 1 |  1.9
Staves         | 1 2 |  2.5
Long Blades    | |  0.8
Dodging        | |  2.8

Action                   |  1- 3 |  4- 6 |  7- 9 || total
-------------------------+-------+-------+-------++-------
Melee: Unarmed           |     1 |       |       ||     1
       Short sword       |    34 |    15 |       ||    49
       Constrict         |     9 |    31 |    12 ||    52
       Tentacles         |     4 |    18 |    13 ||    35
       Staff             |       |    80 |    48 ||   128
       Dagger            |       |     1 |       ||     1
       Falchion          |       |       |    21 ||    21
       Kick              |       |       |    13 ||    13
 Cast: Sting             |    46 |    53 |     6 ||   105
       Mephitic Cloud    |       |     7 |     6 ||    13
       Olgreb's Toxic Ra |       |    10 |    19 ||    29
  Use: Potion            |       |     1 |     9 ||    10
       Scroll            |       |     9 |     3 ||    12
 Stab: Sleeping          |     2 |     4 |     4 ||    10
       Confused          |       |     1 |     1 ||     2
  Eat: Chunk             |     2 |    12 |     7 ||    21
       Royal jelly       |       |       |     1 ||     1
Armor: Skin              |     5 |     9 |     6 ||    20
Dodge: Dodged            |    30 |    70 |    49 ||   149
       Rpst.: Falchion   |       |       |     6 ||     6
